 Seeded DCSS version 0.29.1-15-g9cfb28693d (webtiles) character file.

Game seed: 16812088435827037613 (custom seed)

32 Psyclone the Stinger (level 3, 0/21 HPs)
             Began as an Octopode Venom Mage on Sept 26, 2023.
             Slain by a worm (9 damage)
             ... on level 2 of the Dungeon.
             The game lasted 00:03:18 (1865 turns).

Psyclone the Stinger (Octopode Venom Mage)          Turns: 1865, Time: 00:03:19

Health: 0/21       AC:  1    Str:  7    XL:     3   Next: 27%
Magic:  1/6        EV: 13    Int: 19    God:
Gold:   23         SH:  0    Dex: 12    Spells: 3/6 levels left

rFire   . . .      SeeInvis .   d - +0 dagger
rCold   . . .      Faith    .   (no shield)
rNeg    . . .      Spirit   .   (helmet restricted)
rPois   .          Reflect  .   (no amulet)
rElec   .          Harm     .   (no ring)
rCorr   .          Rampage  .   (no ring)
Will    .....                   (no ring)
Stlth   +++.......              (no ring)
HPRegen 0.07/turn               (no ring)
MPRegen 0.10/turn               (no ring)
                                (no ring)
                                (no ring)

@: no status effects
A: almost no armour, amphibious, 8 rings, camouflage 1, gelatinous body 1,
(nimble swimmer 1), tentacles
a: no special abilities


You were on level 2 of the Dungeon.
You visited 1 branch of the dungeon, and saw 2 of its levels.

You collected 23 gold pieces.

Inventory:

Hand Weapons
 d - a +0 dagger (weapon)
Jewellery
 c - a +6 ring of dexterity
Scrolls
 e - a scroll of blinking {unknown}
 f - a scroll of teleportation {unknown}
 h - a scroll of identify {unknown}
 i - a scroll of poison {unknown}
 j - a scroll of noise {unknown}
Potions
 a - a potion of magic
 b - 2 potions of lignification {unknown}
 g - a potion of attraction {unknown}
 k - a potion of ambrosia {unknown}


   Skills:
 - Level 2.0 Dodging
 - Level 2.6 Stealth
 - Level 2.0 Spellcasting
 - Level 1.0 Transmutations
 + Level 5.2 Poison Magic


You had 3 spell levels left.
You knew the following spells:

 Your Spells              Type           Power      Damage    Failure   Level
a - Poisonous Vapours     Pois/Air       22%        N/A       9%          2
v - Sting                 Tmut/Pois      52%        1d5       4%          1

Your spell library contained the following spells:

 Spells                   Type           Power      Damage    Failure   Level
 Mephitic Cloud           Conj/Pois/Air  8%         N/A       26%         3
 Olgreb's Toxic Radiance  Pois           21%        N/A       21%         4


Dungeon Overview and Level Annotations

Branches:
Dungeon (2/15) Zot: 10133

Altars:

Shops:
D:1 [


Innate Abilities, Weirdness & Mutations

You cannot wear most types of armour.
You are amphibious.
You can wear up to eight rings at the same time.
Your skin changes colour to match your surroundings (Stealth+).
Your rubbery body absorbs attacks. (AC +1, EV +1)
((You are camouflaged when in or above water. (Stealth+)))
You have tentacles for arms and can constrict up to eight enemies at once.


Message History

Confirm with . or Enter, or press ? or * to list all spells.
Aiming: Poisonous Vapours (safe; 9% risk of failure)
Press: ? - help, Dir - move target, f - worm
Aim: a worm (wandering, hasn't noticed you) Poisonous vapours surround the worm!
The worm is poisoned.
You now have 4/6 mp.
Casting: Poisonous Vapours (safe; 9% risk of failure)
Confirm with . or Enter, or press ? or * to list all spells.
Aiming: Poisonous Vapours (safe; 9% risk of failure)
Press: ? - help, Dir - move target, f/p - worm
Aim: a worm (lightly wounded, poisoned) Poisonous vapours surround the worm!
The worm looks even sicker.
You now have 2/6 mp.
Casting: Poisonous Vapours (safe; 9% risk of failure)
Confirm with . or Enter, or press ? or * to list all spells.
Aiming: Poisonous Vapours (safe; 9% risk of failure)
Press: ? - help, Dir - move target, f/p - worm
Aim: a worm (lightly wounded, very poisoned) Poisonous vapours surround the worm!
The worm looks even sicker.
You now have 0/6 mp.
The worm barely misses you.
You see here a ball python corpse.
You hit the worm but do no damage. You grab the worm.
The worm is lightly wounded.
You constrict the worm. The worm bites you.
You take 3 damage, and have 14/21 hp.
You hit the worm.
The worm is lightly wounded.
You constrict the worm. You hit the worm.
The worm is heavily wounded.
You constrict the worm. The worm bites you.
You take 5 damage, and have 9/21 hp.
MASSIVE DAMAGE!!
You hit the worm.
The worm is heavily wounded.
You constrict the worm. You hit the worm but do no damage.
You squeeze the worm.
The worm is severely wounded.
You constrict the worm. The worm bites you!
You die...

?# .. #.###.. .......
....... ......?
.......
#.#.##########.......
#......<@w).).......#
###.#.#########.#####
# .. r.. ... .. .


You could see a worm (poisoned).

Vanquished Creatures
  2 giant cockroaches (D:1)
  9 goblins
  5 hobgoblins (D:1)
  2 kobolds (D:1)
  3 quokkas
  2 ball pythons
  2 bats (D:1)
  A rat (D:1)
26 creatures vanquished.

Notes
Turn   | Place    | Note
-------+----------+-------------------------------------------
     0 | D:1      | Psyclone the Octopode Venom Mage began the quest for the
                  | Orb.
     0 | D:1      | Reached XP level 1. HP: 11/11 MP: 3/3
   136 | D:1      | Reached skill level 4 in Poison Magic
   423 | D:1      | Reached XP level 2. HP: 10/17 MP: 3/5
   951 | D:1      | Found Tifises's Antique Armour Emporium.
  1091 | D:1      | Learned a level 2 spell: Poisonous Vapours
  1169 | D:1      | Reached XP level 3. HP: 21/21 MP: 1/6
  1300 | D:1      | Reached skill level 5 in Poison Magic
  1865 | D:2      | Slain by a worm

Illustrated notes

Levels and vault maps discovered:
D:1:      sevenhm_arrival_forest_fort_large_2, layout_loops_corners,
          serial_shops, shop, minivault_27
D:2:      layout_basic, uniq_natasha

Skill      XL: |  1  2  3 |
---------------+----------+-----
Poison Magic   | 4 5 |  5.2
Dodging        | |  2.0
Stealth        | |  2.6
Spellcasting   | |  2.0
Transmutations | |  1.0

Action                   || total
-------------------------++-------
Melee: Dagger            ||    28
       Constrict         ||     6
       Tentacles         ||     7
       Punch             ||     1
 Cast: Sting             ||    17
       Poisonous Vapours ||    20
 Stab: Sleeping          ||     2
Armor: Skin              ||     2
Dodge: Dodged            ||    22
